 Dungeon Crawl Stone Soup version 0.22-a0-469-gf26638a (webtiles) character file.

6305 pk666 the Thaumaturge (level 10, -9/50 HPs)
             Began as a Deep Elf Fire Elementalist on June 13, 2018.
             Was a Believer of Vehumet.
             Mangled by a mummy (16 damage)
             ... on level 8 of the Dungeon.
             The game lasted 00:29:07 (8877 turns).

pk666 the Thaumaturge (Deep Elf Fire Elementalist)  Turns: 8877, Time: 00:29:07

Health: -9/50      AC:  6    Str:  5    XL:     10   Next: 63%
Magic:  34/37      EV: 13    Int: 28    God:    Vehumet [**....]
Gold:   614        SH:  0    Dex: 15    Spells: 20/33 levels left

rFire    . . .     SeeInvis .   (no weapon)
rCold    . . .     Gourm    .   (no shield)
rNeg     . . .     Faith    +   a - +1 robe
rPois    .         Spirit   .   (no helmet)
rElec    .         Reflect  .   L - +0 cloak {+Inv}
rCorr    .         Harm     .   G - +1 pair of gloves
MR       +....                  (no boots)
Stlth    ++........             E - amulet of faith
HPRegen  0.16/turn              J - +4 ring of intelligence
MPRegen  0.25/turn              A - ring of magical power

@: slowed, very slow
A: no striking features
a: Renounce Religion, Evoke Invisibility


You were on level 8 of the Dungeon.
You worshipped Vehumet.
Vehumet was pleased with you.
You were near starving.

You visited 2 branches of the dungeon, and saw 10 of its levels.
You also visited: Sewer and Ossuary.

You collected 614 gold pieces.

Inventory:

Armour
 a - a +1 robe (worn)
 G - a +1 pair of gloves (worn)
 L - a +0 cloak of invisibility (worn)
Jewellery
 b - an uncursed ring of see invisible
 h - an uncursed ring of protection from fire
 o - an uncursed amulet of regeneration
 y - an uncursed ring of resist corrosion
 A - a ring of magical power (right hand)
 B - an uncursed ring of wizardry
 E - an amulet of faith (around neck)
 J - a +4 ring of intelligence (left hand)
Wands
 i - a wand of digging (33)
 s - a wand of flame (32)
 C - a wand of random effects (22)
 F - a wand of polymorph (36)
 K - a wand of acid (10)
Scrolls
 d - 2 scrolls of enchant weapon
 m - a scroll of magic mapping
 r - 4 scrolls of identify
 x - 2 scrolls of immolation
 I - a scroll of teleportation {unknown}
Potions
 e - a potion of resistance {unknown}
 f - a potion of agility {unknown}
 g - a potion of experience {unknown}
 j - a potion of haste {unknown}
 k - 2 potions of flight
 l - 3 potions of heal wounds
 n - 2 potions of mutation {unknown}
 p - 2 potions of berserk rage {unknown}
 q - a potion of might {unknown}
 t - 2 potions of magic {unknown}
 u - a potion of degeneration {unknown}
 v - a potion of invisibility {unknown}
 w - 3 potions of curing {unknown}
 z - 2 potions of brilliance {unknown}
 D - 2 potions of lignification {unknown}
Comestibles
 c - 15 rations


   Skills:
 - Level 2.4 Dodging
 - Level 2.4 Stealth
 + Level 12.1 Spellcasting
 + Level 10.5 Conjurations
 + Level 10.5 Fire Magic


You had 20 spell levels left.
You knew the following spells:

 Your Spells              Type           Power        Failure   Level  Hunger
a - Flame Tongue          Conj/Fire      #####        1%          1    None
b - Sticky Flame          Conj/Fire      ######..     1%          4    None
c - Conjure Flame         Conj/Fire      ######..     1%          3    None
z - Fireball              Conj/Fire      ######....   1%          5    ###....

Your spell library contained the following spells:

 Spells                   Type           Power        Failure   Level  Hunger
 Confuse                  Hex            ###.....     10%         3    None
 Throw Flame              Conj/Fire      ######       1%          2    None
 Confusing Touch          Hex            ###...       3%          1    None
 Metabolic Englaciation   Hex/Ice        ###.......   65%         5    ###....
 Petrify                  Tmut/Erth      ###.....     32%         4    None
 Inner Flame              Hex/Fire       #####...     1%          3    None
 Gell's Gravitas          Tloc           ###.......   10%         3    None
 Yara's Violent Unravell  Hex/Tmut       ###.......   65%         5    ###....


Dungeon Overview and Level Annotations

Branches:
Dungeon (9/15)             Temple (1/1) D:5
   Lair: D:8-11         Orc: D:9-12

Altars:
Elyvilon
Gozag
Hepliaklqana
Kikubaaqudgha
Okawaru
Qazlal
Sif Muna
Uskayaw
Vehumet
Wu Jian
Yredelemnul
The Shining One

Shops:
D:4 !![=(   D:9 }


Message History

Press: ? - help, Shift-Dir - straight line, f/p - wraith
Aim: a wraith (almost destroyed)
The flame tongue hits the wraith.
You destroy the wraith!
Vehumet accepts your kill.
You feel your power returning.
There is an open door here.
Casting: Flame Tongue (safe; 1% risk of failure)
Confirm with . or Enter, or press ? or * to list all spells.
Aiming: Conjure Flame (safe; 1% risk of failure)
Press: ? - help, Dir - move target cursor The fire ignites!
Casting: Conjure Flame (safe; 1% risk of failure)
Confirm with . or Enter, or press ? or * to list all spells.
Aiming: Flame Tongue (safe; 1% risk of failure)
Press: ? - help, Shift-Dir - straight line The flame tongue hits the mummy.
The mummy is burned terribly!
The mummy is moderately damaged.
The mummy hits you!
You die...

#.....)...## ##..........# ##..#
..###.##.#.###.###.......# #...<
### #.#.))#.#..# #.......# #....
#####...)......# #.......# #.##[
...)..#.).###### ####.#### #.##.
########.## ####...# #.##. #.#
#....### #.### #.# #.##.# #.###
##'## #@#8## ####.... ##.(.##
#M## #....... ##..(..#####ยง###
#.###### # ##.......##.Zoz.#
#.#####.
####.........###.#########.##....
...+.........#_'.'.#.............
####.........###.###....##.##.#..
# ##.......##.'.'.####.##.......
##.....#####.###.##.#####.###


You could see a mummy, a wight, an orc and a human zombie.

Vanquished Creatures
  3 two-headed ogres (D:8)
  Maurice (D:8)
  2 hippogriffs (D:8)
  A wraith (D:8)
  Edmund (D:6)
  The ghost of Mamutox the Sneak, an amateur SpEn (D:4)
  2 sky beasts (D:5)
  An orc warrior (D:8)
  5 phantoms
  2 ice beasts
  2 ogres
  4 centaurs
  A big kobold (D:8)
  5 bullfrogs
  2 scorpions
  2 howler monkeys
  3 wights (D:7)
  An electric eel (D:6)
  2 orc priests
  3 hounds
  3 human zombies (D:8)
  3 jellies
  4 orc wizards
  Crazy Yiuf (D:7)
  A human skeleton (D:8)
  2 iguanas
  Terence (D:2)
  3 worker ants
  A killer bee zombie (D:7)
  A hound skeleton (D:4)
  A hound zombie (D:6)
  9 mummies
  A howler monkey skeleton (D:6)
  2 worker ant zombies
  7 gnolls
  13 adders
  4 shadow imps
  2 adder skeletons (D:4)
  4 worms
  A dart slug (D:2)
  11 leopard geckos
  26 orcs
  11 giant cockroaches
  A gnoll zombie (Ossuary)
  9 goblins
  8 hobgoblins
  22 jackals
  10 kobolds
  2 quokkas
  4 ball pythons
  8 bats
  7 frilled lizards
  3 hobgoblin zombies (Ossuary)
  A jackal skeleton (D:7)
  2 jackal zombies
  2 kobold zombies (Ossuary)
  A leopard gecko skeleton (D:7)
  2 orc zombies (Ossuary)
  7 rats
245 creatures vanquished.

Vanquished Creatures (others)
  A leopard gecko skeleton (D:5)
1 creature vanquished.

Grand Total: 246 creatures vanquished

Notes
Turn   | Place    | Note
-------+----------+-------------------------------------------
     0 | D:1      | pk666 the Deep Elf Fire Elementalist began the quest for the Orb.
     0 | D:1      | Reached XP level 1. HP: 10/10 MP: 6/6
   313 | D:1      | Reached XP level 2. HP: 15/15 MP: 6/8
  1006 | D:2      | Reached XP level 3. HP: 15/19 MP: 3/10
  1230 | D:2      | Found a deep blue altar of Sif Muna.
  1286 | D:2      | Found a hide-covered altar of Uskayaw.
  1287 | D:2      | Found an opulent altar of Gozag.
  1381 | D:2      | Reached skill level 4 in Spellcasting
  1385 | D:2      | Reached XP level 4. HP: 5/24 MP: 4/12
  1539 | D:2      | Found an iron altar of Okawaru.
  1546 | D:2      | Noticed Terence
  1582 | D:2      | Killed Terence
  2043 | D:3      | Reached XP level 5. HP: 28/28 MP: 10/13
  2380 | D:2      | Reached skill level 5 in Spellcasting
  2515 | D:3      | Reached XP level 6. HP: 32/32 MP: 0/15
  2917 | D:3      | Learned a level 4 spell: Sticky Flame
  2921 | D:3      | Learned a level 3 spell: Conjure Flame
  2927 | D:3      | Learned a level 5 spell: Fireball
  2947 | D:4      | Noticed Mamutox's ghost (amateur SpEn)
  3078 | D:4      | Killed Mamutox's ghost
  3078 | D:4      | Reached skill level 5 in Conjurations
  3078 | D:4      | Reached skill level 5 in Fire Magic
  3329 | D:4      | Found Giemebio's Distillery.
  3348 | D:4      | Found Buefar's Antique Armour Emporium.
  3349 | D:4      | Found Heimussi's Distillery.
  3439 | D:4      | Reached skill level 6 in Spellcasting
  3439 | D:4      | Reached XP level 7. HP: 36/36 MP: 9/18
  3459 | D:4      | Found Tipt's Weapon Shoppe.
  3600 | D:4      | Found Cytita Ampi's Jewellery Shoppe.
  3641 | D:4      | Found a hazy altar of Hepliaklqana.
  3758 | D:5      | Entered Level 5 of the Dungeon
  3791 | D:5      | Found a glowing drain.
  3815 | Sewer    | Entered a sewer
  4432 | D:5      | Reached skill level 7 in Spellcasting
  4452 | D:5      | Reached XP level 8. HP: 28/41 MP: 9/21
  4569 | D:5      | Found a staircase to the Ecumenical Temple.
  4581 | Temple   | Entered the Ecumenical Temple
  4601 | Temple   | Became a worshipper of Vehumet
  4726 | D:5      | Reached skill level 8 in Spellcasting
  4787 | D:5      | Found a white marble altar of Elyvilon.
  4810 | D:5      | Found a stormy altar of Qazlal.
  5175 | D:6      | Noticed Edmund
  5189 | D:6      | Killed Edmund
  5332 | D:6      | Reached skill level 9 in Spellcasting
  6038 | D:7      | Reached XP level 9. HP: 45/45 MP: 24/24
  6145 | D:7      | Found a sand-covered staircase.
  6158 | Ossuary  | Entered an ossuary
  6242 | Ossuary  | Reached * piety under Vehumet
  6242 | Ossuary  | Offered knowledge of Shock by Vehumet.
  6888 | D:7      | Found a runed door.
  6973 | D:7      | Noticed Crazy Yiuf
  6978 | D:7      | Killed Crazy Yiuf
  7269 | D:7      | Reached skill level 10 in Spellcasting
  7638 | D:8      | Noticed a two-headed ogre
  7654 | D:8      | HP: 2/45 [two-headed ogre/giant club (31)]
  7674 | D:8      | Killed a two-headed ogre
  7807 | D:8      | You fall through a shaft!
  7808 | D:9      | Found Reock's Gadget Shoppe.
  7963 | D:8      | Reached XP level 10. HP: 50/50 MP: 21/26
  7966 | D:8      | Noticed a two-headed ogre
  7967 | D:8      | Offered knowledge of Sting by Vehumet.
  7967 | D:8      | Reached skill level 11 in Spellcasting
  7974 | D:8      | Killed a two-headed ogre
  7974 | D:8      | Reached ** piety under Vehumet
  8151 | D:8      | Found a hide-covered altar of Uskayaw.
  8181 | D:8      | Reached skill level 10 in Fire Magic
  8192 | D:8      | Noticed Maurice
  8194 | D:8      | Noticed a two-headed ogre
  8195 | D:8      | Reached skill level 10 in Conjurations
  8196 | D:8      | Killed Maurice
  8201 | D:8      | Killed a two-headed ogre
  8461 | D:8      | Reached skill level 12 in Spellcasting
  8631 | D:8      | Found a basalt altar of Yredelemnul.
  8877 | D:8      | Mangled by a mummy

Vault maps used:
D:1:      lemuel_arrival_tunnels, fountainhead, grunt_decor_mini_mirrors,
          minmay_tetromino_i2
D:2:      nicolae_overflow_crystal_walls, gammafunk_temple_overflow_claw,
          first_ration, uniq_terence
D:3:      minmay_door_path, minmay_parallelograms
D:4:      marbit_many_paths, serial_shops, nicolae_shop_stone, shop,
          nicolae_shop_waterfront, nicolae_shop_behind_doors, shop
D:5:      grunt_qazlal_clouds, lemuel_crystal_altar,
          minmay_temple_entry_statues_pillars, portal_sewer_entry_f
D:6:      kennysheep_big_empty_room, uniq_edmund
D:7:      lightli_temple_of_fire, enter_ossuary_1, corner_web_ring,
          uniq_crazy_yiuf_cottage
D:8:      lemuel_mausoleum_altar_yredelemnul, basic_altar, uniq_maurice
D:9:      serial_shops, shop
Temple:   oiseaux_autumnal_temple
Sewer:    sewer_frog_island_01
Ossuary:  ossuary_tomb_3

Skill      XL: |  1  2  3  4  5  6  7  8  9 10 |
---------------+-------------------------------+-----
Conjurations   | 2 3 4 5 6 7 9 10 | 10.5
Spellcasting   | 4 5 6 7 9 10 12 | 12.1
Fire Magic     | 4 5 6 7 9 10 | 10.5
Dodging        | |  2.4
Stealth        | |  2.4

Action                   |  1- 3 |  4- 6 |  7- 9 | 10-12 || total
-------------------------+-------+-------+-------+-------++-------
Melee: Unarmed           |     1 |     1 |     5 |       ||     7
 Cast: Flame Tongue      |    76 |   147 |   352 |    93 ||   668
       Fireball          |       |     1 |     1 |     7 ||     9
       Conjure Flame     |       |       |     9 |     2 ||    11
  Use: Scroll            |       |     3 |    11 |       ||    14
  Eat: Chunk             |     1 |     7 |     9 |     3 ||    20
       Ration            |       |       |     1 |       ||     1
Armor: Robe              |     8 |     8 |    15 |     5 ||    36
Dodge: Dodged            |    17 |    54 |    63 |    20 ||   154

Table legend:
 A = Spawn XP
 B = Non-spawn XP
 C = Spawn XP percentage of total XP
 D = Spawn monster count
 E = Non-spawn monster count
 F = Spawn count percentage of total count
 G = Total turns spent on level
                    A         B        C        D         E        F      G
               +---------+---------+-------+---------+---------+-------+---------
         Total |       0 |    9008 |   0.0 |       0 |     245 |   0.0 |  8877
               +---------+---------+-------+---------+---------+-------+---------
           D:1 |       0 |      37 |   0.0 |       0 |      23 |   0.0 |  1044
           D:2 |       0 |     159 |   0.0 |       0 |      24 |   0.0 |   894
           D:3 |       0 |     212 |   0.0 |       0 |      34 |   0.0 |  1108
           D:4 |       0 |     464 |   0.0 |       0 |      32 |   0.0 |   727
           D:5 |       0 |    1069 |   0.0 |       0 |      19 |   0.0 |   790
           D:6 |       0 |     591 |   0.0 |       0 |      16 |   0.0 |   903
           D:7 |       0 |    1122 |   0.0 |       0 |      28 |   0.0 |  1040
           D:8 |       0 |    5054 |   0.0 |       0 |      35 |   0.0 |  1417
         Sewer |       0 |     147 |   0.0 |       0 |      18 |   0.0 |   436
       Ossuary |       0 |     153 |   0.0 |       0 |      16 |   0.0 |   351
               +---------+---------+-------+---------+---------+-------+---------
